 Dungeon Crawl Stone Soup version 0.31-a0-150-g89dc3ad700 (webtiles) character file.

Game seed: 6487569856711983668

18 qw the Shooter (level 2, 0/17 HPs)
             Began as a Gargoyle Hunter on June 8, 2023.
             Slain by Terence
             ... wielding a +0 flail
              (3 damage)
             ... on level 2 of the Dungeon.
             The game lasted 00:00:12 (561 turns).

qw the Shooter (Gargoyle Hunter)                     Turns: 561, Time: 00:00:13

Health: 0/17       AC:  7    Str: 14    XL:     2   Next: 70%
Magic:  2/2        EV: 11    Int:  9    God:
Gold:   26         SH:  0    Dex: 13    Spells: 1/1 levels left

rFire   . . .        Y - +0 shortbow
rCold   + . .        (shield currently unavailable)
rNeg    + . .        f - +2 leather armour {rC+}
rPois   inf          (no helmet)
rElec   +            (no cloak)
rCorr   .            (no gloves)
SInv    .            (no boots)
Will    .....        (no amulet)
Stlth   +            (no ring)
HPRegen 0.22/turn    (no ring)
MPRegen 0.08/turn

%: no passive effects
@: no status effects
A: sickness immunity, AC +2, negative energy resistance 1, electricity
resistance, torment resistance 1, petrification resistance
a: no special abilities


You were on level 2 of the Dungeon.
You visited 1 branch of the dungeon, and saw 2 of its levels.

You collected 26 gold pieces.


Innate Abilities, Weirdness & Mutations

You are immune to sickness and miasma.
Your stone body is resilient. (AC +2)
You are immune to poison.
You resist negative energy. (rN+)
You are resistant to electric shocks. (rElec)
You are resistant to unholy torment.
You are immune to petrification.


   Skills:
 - Level 2.1 Fighting
 + Level 4.7 Ranged Weapons
 - Level 1.5 Dodging
 - Level 1.1 Stealth


You had one spell level left.
You didn't know any spells.
Your spell library was empty.

Inventory:

Hand Weapons
 Y - a +0 shortbow (weapon)
Armour
 f - a +2 leather armour of cold resistance (worn)
Potions
 a - a potion of invisibility {unknown}
 g - a potion of curing {unknown}

Dungeon Overview and Level Annotations

Branches:
Dungeon (2/15)

Altars:

Annotations:
D:2 Terence


Message History

You shoot an arrow.
The arrow hits Terence but does no damage.
Terence bares his teeth.
Terence misses you.
A giant cockroach comes into view.
You shoot an arrow. The arrow barely misses Terence.
The arrow barely misses the hobgoblin.
Terence hits you but does no damage.
You shoot an arrow. The arrow hits Terence.
Terence is lightly wounded.
Terence hits you but does no damage.
You shoot an arrow. The arrow closely misses Terence.
The arrow barely misses the hobgoblin.
Terence hits you with a +0 flail. Terence closely misses you.
You shoot an arrow. The arrow closely misses Terence.
The arrow hits the hobgoblin.
You kill the hobgoblin!
Terence bares his teeth.
Terence barely misses you.
You shoot an arrow. The arrow hits Terence.
Terence is lightly wounded.
Terence hits you with a +0 flail!
You shoot an arrow. The arrow barely misses Terence.
The arrow hits the giant cockroach.
The giant cockroach is heavily wounded.
Terence barely misses you.
You shoot an arrow. The arrow hits Terence.
Terence is lightly wounded.
Terence barely misses you. Terence hits you but does no damage.
You shoot an arrow.
The arrow hits Terence but does no damage.
Terence is lightly wounded.
Terence closely misses you.
You shoot an arrow. The arrow barely misses Terence.
The arrow completely misses the giant cockroach.
Terence hits you with a +0 flail.
You shoot an arrow. The arrow closely misses Terence.
The arrow completely misses the giant cockroach.
Terence hits you with a +0 flail.
You die...

#.##.<.##.........
#.#......%.#.#.....
#..........#.#####.
### #####%#.##.....
#... #...#.####+##
#....###.....#
#.........####
#.........####
#..........@.#
#........###@#
#....###..


bB. #.... #... ..... #... ##.. ....... #... .....).... .......... ....... You
could see Terence, a giant cockroach and a bat.

Vanquished Creatures
  A dart slug (D:1)
  2 endoplasms (D:1)
  A giant cockroach (D:1)
  3 goblins
  2 hobgoblins
  A kobold (D:1)
  4 ball pythons
  A rat (D:2)
15 creatures vanquished.

Notes
Turn   | Place    | Note
-------+----------+-------------------------------------------
     0 | D:1      | qw the Gargoyle Hunter began the quest for the Orb.
     0 | D:1      | Reached XP level 1. HP: 12/12 MP: 1/1
     0 | D:1      | 0 ||| qw: Version: 0.2-a-120-gdf1a93b
     0 | D:1      | 0 ||| qw: Game counter: 2952
     0 | D:1      | 0 ||| qw: Always use a shield: true
     0 | D:1      | 0 ||| qw: God list: Okawaru
     0 | D:1      | 0 ||| qw: Allow faded altars: false
     0 | D:1      | 0 ||| qw: Do Orc after D:15 true
     0 | D:1      | 0 ||| qw: Do second Lair branch before Depths: true
     0 | D:1      | 0 ||| qw: Lair rune preference: random
     0 | D:1      | 0 ||| qw: Plans: Normal
     0 | D:1      | 0 ||| PLANNING D:1-11
    87 | D:1      | Reached XP level 2. HP: 17/17 MP: 2/2
   464 | D:1      | 464 ||| UPGRADING to +2 leather armour of cold resistance.
   474 | D:1      | 474 ||| DROPPING +0 leather armour.
   475 | D:1      | 475 ||| READING scroll labelled GACHOTR LUTREH.
   476 | D:1      | 476 ||| READING scroll labelled USIOKL FEOKISS.
   477 | D:1      | 477 ||| DROPPING scroll of butterflies.
   542 | D:2      | Noticed Terence
   556 | D:2      | HP: 3/17 [Terence/+0 flail (7)]
   561 | D:2      | Slain by Terence

Levels and vault maps discovered:
D:1:      wheals_arrival_shading, layout_rooms, serial_forest,
          infiniplex_forest_lined_3, infiniplex_forest_corner_1,
          infiniplex_forest_clump_large, infiniplex_forest_clump_C
D:2:      layout_basic, uniq_robin, uniq_terence

Action                     || total
---------------------------++-------
   Fire: Shortbow          ||    48
    Use: Scroll            ||     2
 Armour: Leather armour    ||     4
  Dodge: Dodged            ||    12

Table legend:
 A = Non-vault XP
 B = Vault XP
 C = Vault XP percentage of total XP
 D = Non-vault monster count
 E = Vault monster count
 F = Vault count percentage of total count
                 A         B        C        D         E       F
            +---------+---------+-------+---------+---------+-------
      Total |      27 |       0 |   0.0 |      15 |       0 |   0.0
            +---------+---------+-------+---------+---------+-------
        D:1 |      20 |       0 |   0.0 |      10 |       0 |   0.0
        D:2 |       7 |       0 |   0.0 |       5 |       0 |   0.0
            +---------+---------+-------+---------+---------+-------
